 Dungeon Crawl Stone Soup version 0.21.1-1-g345015f (webtiles) character file.

28 inc the Ducker (level 2, -2/14 HPs)
             Began as a Felid Fighter on Apr 22, 2018.
             Slain by an adder (4 damage)
             ... on level 2 of the Dungeon.
             The game lasted 00:00:58 (1221 turns).

inc the Ducker (Felid Fighter)                      Turns: 1221, Time: 00:00:59

Health: -2/14      AC:  1    Str: 12    XL:     2   Next: 96%
Magic:  3/3        EV: 20    Int:  9    God:
Gold:   18         SH:  0    Dex: 17    Spells: 1/1 levels left
                                        Lives:  0   Deaths: 0

rFire    . . .     SeeInvis +     - Unarmed
rCold    + + .     Gourm    .   (shield unavailable)
rNeg     . . .     Faith    .   (armour unavailable)
rPois    .         Spirit   .   (helmet unavailable)
rElec    .         Reflect  .   (cloak unavailable)
rCorr    .         Harm     .   (gloves unavailable)
MR       .....                  (boots unavailable)
Stlth    ++........             (no amulet)
HPRegen  0.04/turn              (no ring)
MPRegen  0.08/turn              (no ring)

@: lethally poisoned (-2 -> -15), flying, quick
A: very small, no armour, no weapons or thrown items, stealth, claws 1, fangs 3,
see invisible, agile 1, carnivore, cold resistance 2, speed 1, shaggy fur 1,
slow metabolism 1, sharp paws
a: no special abilities


You were on level 2 of the Dungeon.
You were not hungry.

You visited 1 branch of the dungeon, and saw 2 of its levels.

You collected 18 gold pieces.

Inventory:

Jewellery
 c - an uncursed ring of ice {unknown}
Scrolls
 d - a scroll of enchant weapon {unknown}
 f - a scroll of identify {unknown}
 h - a scroll of teleportation {unknown}
 j - a scroll of fear {unknown}
Potions
 a - a potion of might
 i - a potion of degeneration {unknown}
Comestibles
 b - 3 rations


   Skills:
 - Level 3.0 Fighting
 - Level 4.9 Dodging
 + Level 4.4 Unarmed Combat


You had one spell level left.
You didn't know any spells.

Dungeon Overview and Level Annotations

Branches:
Dungeon (2/15)

Altars:
Ashenzari


Innate Abilities, Weirdness & Mutations

You cannot wear armour.
You are incapable of wielding weapons or throwing items.
Your paws allow you to move quietly. (Stealth)
You have sharp claws.
You have razor-sharp teeth.
You have supernaturally acute eyesight. (SInv)
You are carnivorous and can eat meat at any time.
You cover ground quickly.
You are covered in fur. (AC +1)
You have a slow metabolism.
Your sharp claws are effective at attacking unaware monsters.
You are agile. (Dex +2)
Your flesh is very cold resistant. (rC++)


Message History

The adder hisses angrily.
The adder bites you.
You scratch the adder.
The adder is moderately wounded.
The adder bites you.
You are poisoned.
The adder poisons you! The adder bites you.
* * * LOW HITPOINT WARNING * * *
You are more poisoned.
The adder poisons you!
It was a potion of flight.
You feel very buoyant.
You fly up into the air.
* * * LOW HITPOINT WARNING * * *
You feel sick. The adder completely misses you.
It was a potion of mutation.
You feel extremely strange.
You feel agile.
You feel resistant to cold.
You feel more resistant to cold.
* * * LOW HITPOINT WARNING * * *
You feel sick. The adder bites you.
You die...

# # ### ## # #.. .
# #.#.# # ##.#. ##.
###### ... .##.
#.....
##.#..##.#####.####
#.@S..........>....
#.#######..###.####
#.# #.# #.# #.#
#.####.# #.#
#...>.># #.#
#.###### #.# #.#
#.#######.#
#.........#


You could see an adder.

Vanquished Creatures
  A leopard gecko (D:1)
  A goblin (D:1)
  4 hobgoblins (D:1)
  3 jackals (D:1)
  A ball python (D:1)
  3 bats (D:1)
  A frilled lizard (D:1)
  7 kobolds (D:1)
  3 rats (D:1)
24 creatures vanquished.

Notes
Turn   | Place    | Note
-------+----------+-------------------------------------------
     0 | D:1      | inc the Felid Fighter began the quest for the Orb.
     0 | D:1      | Reached XP level 1. HP: 10/10 MP: 2/2
     8 | D:1      | Found a shattered altar of Ashenzari.
    68 | D:1      | Reached XP level 2. HP: 7/14 MP: 3/3
  1221 | D:2      | Gained mutation: You are agile. (Dex +2) [potion of mutation]
  1221 | D:2      | Gained mutation: Your flesh is cold resistant. (rC+) [potion of mutation]
  1221 | D:2      | Gained mutation: Your flesh is very cold resistant. (rC++) [potion of mutation]
  1221 | D:2      | Slain by an adder

Action                   || total
-------------------------++-------
Melee: Unarmed           ||    48
       Bite              ||     6
  Use: Potion            ||     2
 Stab: Distracted        ||     1
Armor: Skin              ||     2
Dodge: Dodged            ||    44
